 Dungeon Crawl Stone Soup version 0.23-a0-446-g036aa52 (webtiles) character file.

1396 JeffiDaFish the Scholar of Death (level 8, 0/41 HPs)
             Began as a Deep Elf Necromancer on Nov 18, 2018.
             Was a Follower of Kikubaaqudgha.
             Slain by a wight
             ... wielding a cursed +5 dire flail
              (7 damage)
             ... on level 6 of the Dungeon.
             The game lasted 00:19:25 (7728 turns).

JeffiDaFish the Scholar of Death (DENe)             Turns: 7728, Time: 00:19:26

Health: 0/41       AC:  4    Str:  9    XL:     8   Next: 41%
Magic:  18/20      EV: 15    Int: 23    God:    Kikubaaqudgha [*.....]
Gold:   397        SH:  0    Dex: 15    Spells: 10/20 levels left

rFire    . . .     SeeInvis .   i - +0 rapier
rCold    + . .     Gourm    +   (no shield)
rNeg     . . .     Faith    .   k - +2 robe {rC+}
rPois    .         Spirit   .   (no helmet)
rElec    .         Reflect  .   (no cloak)
rCorr    .         Harm     .   (no gloves)
MR       .....                  (no boots)
Stlth    ++........             b - amulet of the gourmand
HPRegen  1.13/turn              h - +4 ring of strength
MPRegen  0.17/turn              (no ring)

@: regenerating, drained
A: no striking features
a: Receive Corpses, Renounce Religion


You were on level 6 of the Dungeon.
You worshipped Kikubaaqudgha.
Kikubaaqudgha was aware of your devotion.
You were very full.

You visited 2 branches of the dungeon, and saw 7 of its levels.
You also visited: Sewer.

You collected 397 gold pieces.

Inventory:

Hand Weapons
 i - a +0 rapier (weapon)
Armour
 k - a +2 robe of cold resistance (worn)
Jewellery
 b - an amulet of the gourmand (around neck)
 h - a +4 ring of strength (left hand)
Wands
 a - a wand of enslavement (8)
Scrolls
 d - 2 scrolls of fear
 j - 2 scrolls of teleportation
Potions
 e - a potion of flight
 f - a potion of might
 g - a potion of ambrosia {unknown}
 l - a potion of heal wounds
 o - a potion of magic
Comestibles
 c - 12 rations


   Skills:
 + Level 6.1(5.2) Dodging
 - Level 4.3(3.5) Stealth
 + Level 6.9(6.0) Spellcasting
 + Level 3.2(2.4) Conjurations
 * Level 9.3(8.3) Necromancy


You had 10 spell levels left.
You knew the following spells:

 Your Spells              Type           Power        Failure   Level  Hunger
a - Pain                  Necr           ####         1%          1    None
b - Vampiric Draining     Necr           #####.....   1%          3    #......
c - Regeneration          Chrm/Necr      ####......   4%          3    #......
d - Mephitic Cloud        Conj/Pois/Air  ##......     19%         3    #......

Your spell library contained the following spells:

 Spells                   Type           Power        Failure   Level  Hunger
 Animate Skeleton         Necr           N/A          1%          1    None
 Corpse Rot               Necr           N/A          1%          2    None
 Sublimation of Blood     Necr           #####.....   1%          2    None
 Animate Dead             Necr           N/A          2%          4    ###....
 Magic Dart               Conj           ###.         3%          1    None
 Blink                    Tloc           N/A          13%         2    None
 Call Imp                 Summ           #.......     13%         2    None
 Slow                     Hex            #.......     13%         2    None
 Conjure Flame            Conj/Fire      ##......     16%         3    #......
 Lesser Beckoning         Tloc           #.........   26%         3    #......
 Teleport Other           Tloc           #.......     26%         3    #......
 Statue Form              Tmut/Erth      #........    100%        6    ######.
 Disjunction              Tloc           #.........   100%        8    #######


Dungeon Overview and Level Annotations

Branches:
Dungeon (6/15)             Temple (1/1) D:4

Altars:
Cheibriados
Gozag
Hepliaklqana
Kikubaaqudgha
Makhleb
Okawaru
Ru
Sif Muna
Vehumet


Message History

Confirm with . or Enter, or press ? or * to list all spells.
Your skin crawls.
The wight hits you with a cursed +5 dire flail!
You feel drained.
You hit the wight.
The wight is heavily damaged.
The wight closely misses you.
You hit the wight but do no damage.
The wight is heavily damaged.
The wight hits you with a cursed +5 dire flail.
You hit the wight.
The wight is severely damaged.
The wight barely misses you.
You hit the wight but do no damage.
The wight is severely damaged.
The wight hits you with a cursed +5 dire flail!!
* * * LOW HITPOINT WARNING * * *
You feel drained.
You die...
Kikubaaqudgha rasps: "You have failed me!
Welcome... death!"

,,,**,*,* ###'#######.......#
,,,**,*,* #........###.#######
,,,**,*,*****#........# #.# #...
,,,**,*,,,,,*#........###.####...
,,,**,*****,*#..............##...
,****<*,,,,,*#.....z........##...
,*,,,,,,,,***###'#####......##...
,*,**,,,,,* #z# #......##...
,*,**,,,,,*****#@# #......#####
,*,**,*,,,,,,,*#.# #......'...)
,*,,*,*******,*#.# #......#....
,**,*,* *,*#.#####......#....
,*,,*,*******,*#............#....
,*,,,,,,,,,,,,*######.......#....
,****,***,,,,,,...o.........[....
,,,,,,,,*,*****######.##...##....
*****,*,*,*,,,,,,,,*#.##...##....


You could see a wight.

Vanquished Creatures
  Sigmund (D:4)
  Menkaure (D:4)
  Purgy (Sewer)
  An orc warrior (D:6)
  An ogre (D:6)
  2 centaurs
  A bullfrog (D:6)
  4 wights (D:6)
  A crimson imp (D:6)
  A centaur zombie (D:5)
  A hound (D:6)
  2 orc wizards (D:6)
  3 iguanas
  2 worker ants
  7 adders
  2 adder skeletons
  3 worms
  3 dart slugs
  3 leopard geckos
  9 orcs
  3 ball pythons
  7 bats
  4 giant cockroaches
  6 goblins
  6 hobgoblins
  11 jackals
  8 quokkas
  7 frilled lizards
  5 kobolds
  12 rats
  2 rat zombies (D:6)
120 creatures vanquished.

Notes
Turn   | Place    | Note
-------+----------+-------------------------------------------
     0 | D:1      | JeffiDaFish the Deep Elf Necromancer began the quest for
                  | the Orb.
     0 | D:1      | Reached XP level 1. HP: 10/10 MP: 6/6
   178 | D:1      | Reached skill level 5 in Necromancy
   188 | D:1      | Reached XP level 2. HP: 8/15 MP: 0/8
  1641 | D:2      | Reached XP level 3. HP: 17/19 MP: 10/10
  1686 | D:2      | Found a faded altar of an unknown god.
  2198 | D:2      | Learned a level 3 spell: Vampiric Draining
  2883 | D:3      | Reached XP level 4. HP: 22/24 MP: 7/11
  3623 | D:3      | Learned a level 3 spell: Regeneration
  3989 | D:4      | Reached skill level 6 in Necromancy
  4155 | D:4      | Found a staircase to the Ecumenical Temple.
  4182 | D:4      | Reached XP level 5. HP: 15/28 MP: 5/13
  4183 | D:4      | Noticed Sigmund
  4197 | D:4      | Killed Sigmund
  4197 | D:4      | Reached XP level 6. HP: 22/32 MP: 0/15
  4664 | Temple   | Entered the Ecumenical Temple
  4680 | Temple   | Became a worshipper of Kikubaaqudgha
  4808 | D:4      | Noticed a two-headed ogre
  4881 | D:4      | Noticed a two-headed ogre
  5129 | D:4      | Noticed Menkaure
  5135 | D:4      | Killed Menkaure
  5135 | D:4      | Reached skill level 5 in Spellcasting
  5135 | D:4      | Reached skill level 7 in Necromancy
  5456 | D:5      | Entered Level 5 of the Dungeon
  5551 | D:5      | Learned a level 3 spell: Mephitic Cloud
  5563 | D:5      | Found a glowing drain.
  5577 | D:5      | Reached XP level 7. HP: 32/36 MP: 8/17
  5599 | Sewer    | Entered a sewer
  5631 | Sewer    | Noticed Purgy
  5645 | Sewer    | Killed Purgy
  6042 | D:5      | Reached skill level 5 in Dodging
  6042 | D:5      | Reached skill level 1 in Conjurations
  6312 | D:5      | Identified the Almanac of Quantum Transformation
  6617 | D:6      | Reached skill level 8 in Necromancy
  6775 | D:6      | Found a burning altar of Makhleb.
  6817 | D:6      | HP: 1/36 [orc warrior/+0 glaive (21)]
  6997 | D:6      | Reached XP level 8. HP: 38/41 MP: 10/19
  7229 | D:6      | Reached skill level 9 in Necromancy
  7232 | D:6      | Reached * piety under Kikubaaqudgha
  7232 | D:6      | Identified Kikubaaqudgha's Volume of Evil (Kikubaaqudgha
                  | gifted it to you on level 6 of the Dungeon)
  7232 | D:6      | Received a gift from Kikubaaqudgha
  7728 | D:6      | Slain by a wight

Vault maps used:
D:1:      dpeg_arrival_leaves_temple_mockup, hex_large, st_stairs_1
D:2:      chequers_ecumenical_altar_island
D:4:      temple_fountains, first_ration, uniq_sigmund, uniq_menkaure
D:5:      portal_sewer_entry_a, hangedman_abyss_or_decor_slice
D:6:      enter_ossuary_4, makhleb_heckhound_becter, uniq_edmund
Temple:   compressed_dpeg_circular_temple
Sewer:    sewer_co_purgy_island

Skill      XL: |  1  2  3  4  5  6  7  8 |
---------------+-------------------------+-----
Necromancy     | 5 6 7 8 9 |  9.3
Stealth        | 3 4 |  4.3
Dodging        | 3 4 5 6 |  6.1
Spellcasting   | 4 5 6 |  6.9
Conjurations   | 2 3 |  3.2

Action                   |  1- 3 |  4- 6 |  7- 9 || total
-------------------------+-------+-------+-------++-------
Melee: Dagger            |    25 |    25 |       ||    50
       Rapier            |       |    51 |   154 ||   205
 Cast: Pain              |    59 |    54 |    34 ||   147
       Vampiric Draining |     2 |    13 |    18 ||    33
       Regeneration      |       |       |     5 ||     5
  Use: Potion            |     6 |     3 |     2 ||    11
       Scroll            |     3 |     5 |     3 ||    11
 Stab: Sleeping          |     5 |     5 |     6 ||    16
       Distracted        |       |       |     1 ||     1
  Eat: Chunk             |     4 |    23 |     7 ||    34
       Ration            |     1 |       |       ||     1
Armor: Robe              |    17 |    19 |    38 ||    74
Dodge: Dodged            |    38 |    85 |   161 ||   284

Table legend:
 A = Non-vault XP
 B = Vault XP
 C = Vault XP percentage of total XP
 D = Non-vault monster count
 E = Vault monster count
 F = Vault count percentage of total count
                 A         B        C        D         E       F
            +---------+---------+-------+---------+---------+-------
      Total |    1402 |     593 |  29.7 |     102 |      18 |  15.0
            +---------+---------+-------+---------+---------+-------
        D:1 |      35 |       3 |   7.9 |      19 |       3 |  13.6
        D:2 |      41 |       0 |   0.0 |      11 |       0 |   0.0
        D:3 |      71 |       0 |   0.0 |      25 |       0 |   0.0
        D:4 |     126 |     392 |  75.7 |      16 |       2 |  11.1
        D:5 |     173 |      18 |   9.4 |       8 |       4 |  33.3
        D:6 |     956 |      44 |   4.4 |      23 |       3 |  11.5
      Sewer |       0 |     136 | 100.0 |       0 |       6 | 100.0
            +---------+---------+-------+---------+---------+-------
